 Dungeon Crawl Stone Soup version 0.26-a0-346-g33516b1736 (webtiles) character file.

Game seed: 12708875335716548617

150 BritishOli the Skirmisher (level 5, 14/42 HPs)
             Began as a Demonspawn Fighter on July 17, 2020.
             Quit the game on level 3 of the Dungeon.
             The game lasted 00:01:46 (1935 turns).

BritishOli the Skirmisher (Demonspawn Fighter)      Turns: 1935, Time: 00:01:46

Health: 14/42      AC: 12    Str: 18    XL:     5   Next: 10%
Magic:  5/5        EV:  7    Int:  9    God:
Gold:   92         SH:  9    Dex: 12    Spells: 4/4 levels left

rFire    . . .     SeeInvis .   a - +0 long sword
rCold    . . .     Faith    .   c - +0 kite shield
rNeg     . . .     Spirit   +   b - +0 scale mail
rPois    .         Reflect  .   j - +2 hat
rElec    .         Harm     .   q - +0 cloak
rCorr    .                      (no gloves)
MR       .....                  (no boots)
Stlth    ..........             (no amulet)
HPRegen  0.14/turn              (no ring)
MPRegen  0.09/turn              (no ring)

@: no status effects
A: molten scales 1, demonic guardian 1, magic shield
a: no special abilities


You were on level 3 of the Dungeon.
You visited 1 branch of the dungeon, and saw 3 of its levels.

You collected 92 gold pieces.

Inventory:

Hand Weapons
 a - a +0 long sword (weapon)
Missiles
 o - 7 silver boomerangs (quivered)
Armour
 b - a +0 scale mail (worn)
 c - a +0 kite shield (worn)
 j - a +2 hat (worn)
 q - a +0 cloak (worn)
Jewellery
 r - a +4 ring of evasion {unknown}
 t - an uncursed ring of stealth {unknown}
 u - an uncursed amulet of magic regeneration {unknown}
Wands
 m - a wand of acid (11)
Scrolls
 e - 2 scrolls of blinking {unknown}
 f - 2 scrolls of remove curse {unknown}
 g - a scroll of enchant weapon {unknown}
 h - 2 scrolls of teleportation {unknown}
 n - a scroll of noise {unknown}
 p - a scroll of enchant armour {unknown}
 s - a scroll of magic mapping {unknown}
Potions
 d - 2 potions of might
 i - 2 potions of lignification {unknown}
 k - a potion of berserk rage {unknown}
 l - 2 potions of brilliance {unknown}


   Skills:
 + Level 3.9 Fighting
 + Level 2.8 Long Blades
 + Level 3.5 Armour
 + Level 3.5 Shields


You had 4 spell levels left.
You didn't know any spells.
Your spell library contained the following spells:

 Spells                   Type           Power        Failure   Level
 Confusing Touch          Hex            #.......     100%        3
 Gell's Gravitas          Tloc           #.........   100%        3
 Petrify                  Tmut/Erth      #.......     100%        4
 Metabolic Englaciation   Hex/Ice        #.........   100%        5
 Yara's Violent Unravell  Hex/Tmut       #.........   100%        5


Dungeon Overview and Level Annotations

Branches:
Dungeon (3/15)

Altars:
Cheibriados
Yredelemnul

Annotations:
D:2 Sigmund
D:3 3 runed translucent doors, shauloKJ's ghost, amateur FoFi


Innate Abilities, Weirdness & Mutations

You are partially covered in molten scales. (AC +2)
A weak demonic guardian rushes to your aid.
When hurt, damage is shared between your health and your magic reserves.


Message History

The orc hits you but does no damage.
Unknown command.
Your shield and scale mail prevent you from hitting the orc.
The orc is severely wounded.
You block the orc's attack.
Unknown command.
Your shield and scale mail prevent you from hitting the orc.
The orc is severely wounded.
The orc hits you but does no damage.
Unknown command.
Your shield and scale mail prevent you from hitting the orc.
The orc is severely wounded.
The orc hits you but does no damage. x2
Unknown command.
You slash the orc!
You kill the orc!
Unknown command.
Items here: ))) [[[ †††
Okay, then.
Are you sure you want to abandon this character and quit the game? (Confirm with "yes".)

.# #.### #...#.###.#.#
.#######...# #...#.# #.#.##
.#.....#...# ###...#.###.....
.#.........# #...............
.#.....#...##### #.#####........#
.#.....#.......# #....##.###....#
.#.....###.....###.#####..##.####
.......# #.....#..##.⌠K##.##.#
....#### #.....#@##.#K#K#.##.#
....# #######'#$..#KK+.##.####
##### ..#}....K+..#.....
...#..K#.K+....#...
#...##.#.#.#.##.#...
#....##.⌠.##.####... #....
#####..# #.### ###.# #### #.# #<#


There were no monsters in sight!

Vanquished Creatures
  An orc priest (D:3)
  Robin (D:3)
  2 gnolls (D:1)
  2 adders (D:3)
  A dart slug (D:1)
  2 leopard geckos
  2 orcs (D:3)
  2 ball pythons (D:3)
  6 bats
  2 giant cockroaches (D:1)
  8 hobgoblins
  A frilled lizard (D:1)
  10 goblins
  4 kobolds
  2 rats (D:1)
46 creatures vanquished.

Vanquished Creatures (collateral kills)
  Jessica (D:3)
  A leopard gecko (D:3)
  An orc (D:3)
  A hobgoblin (D:3)
  A goblin (D:3)
5 creatures vanquished.

Grand Total: 51 creatures vanquished

Notes
Turn   | Place    | Note
-------+----------+-------------------------------------------
     0 | D:1      | BritishOli the Demonspawn Fighter began the quest for the
                  | Orb.
     0 | D:1      | Reached XP level 1. HP: 18/18 MP: 1/1
    81 | D:1      | Gained mutation: A weak demonic guardian rushes to your
                  | aid. [demonic ancestry]
    81 | D:1      | Reached XP level 2. HP: 21/24 MP: 2/2
   373 | D:1      | Reached XP level 3. HP: 29/29 MP: 3/3
   690 | D:2      | Noticed Sigmund
   699 | D:3      | Noticed Jessica
   718 | D:3      | Killed Jessica
   718 | D:3      | Gained mutation: You are partially covered in molten
                  | scales. (AC +2) [demonic ancestry]
   718 | D:3      | Reached XP level 4. HP: 3/35 MP: 4/4
  1222 | D:3      | Noticed Robin
  1506 | D:3      | Killed Robin
  1682 | D:3      | Found a runed translucent gate.
  1685 | D:3      | Identified the cursed +1 whip "Hiron" {chaos, +Fly}
  1685 | D:3      | Noticed a big kobold
  1685 | D:3      | Found a runed translucent gate.
  1685 | D:3      | Found a runed translucent gate.
  1685 | D:3      | Noticed shauloKJ's ghost (amateur FoFi)
  1740 | D:3      | Found a snail-covered altar of Cheibriados.
  1752 | D:3      | Found a basalt altar of Yredelemnul.
  1921 | D:3      | Gained mutation: When hurt, damage is shared between your
                  | health and your magic reserves. [demonic ancestry]
  1921 | D:3      | Reached XP level 5. HP: 11/42 MP: 5/5
  1935 | D:3      | Quit the game

Illustrated notes

Levels and vault maps discovered:
D:1:      giann_wishing_wells, layout_rooms, corexii_hall_statues_s
D:2:      minmay_door_path, layout_basic, okawaru_altar_gauntlet_db,
          old_standard_altar, grunt_gozag_breadcrumbs, tgw_xom, uniq_sigmund
D:3:      layout_basic, amethyst_overflow_temple_binary,
          gammafunk_ghost_nasty_kobolds, uniq_jessica, uniq_robin

Skill      XL: |  1  2 |
---------------+-------+-----
Long Blades    | 2 |  2.8
Armour         | 3 |  3.5
Shields        | 3 |  3.5
Fighting       | |  3.9

Action                   |  1- 3 |  4- 6 || total
-------------------------+-------+-------++-------
Melee: Long sword        |    75 |    89 ||   164
Armor: Scale mail        |    42 |    60 ||   102
Dodge: Dodged            |    21 |    33 ||    54
Block: Kite shield       |    50 |    63 ||   113
       Rpst.: Long sword |     4 |    10 ||    14

Table legend:
 A = Non-vault XP
 B = Vault XP
 C = Vault XP percentage of total XP
 D = Non-vault monster count
 E = Vault monster count
 F = Vault count percentage of total count
                 A         B        C        D         E       F
            +---------+---------+-------+---------+---------+-------
      Total |     151 |      64 |  29.8 |      39 |      12 |  23.5
            +---------+---------+-------+---------+---------+-------
        D:1 |      63 |       0 |   0.0 |      21 |       0 |   0.0
        D:3 |      88 |      64 |  42.1 |      18 |      12 |  40.0
            +---------+---------+-------+---------+---------+-------
